cohdb
Replays
Latest Replays
All Replays
Popular Replays
Top Player Replays
Match Explorer
How It Works
Community
CoH3 Stats
Reddit
Sign in to upload your games and track your stats! →
Sign in with Steam
Match 46975364
Unlisted
Match 46975364
Overview
Messages
Build Orders
End
Construct Infanterie Kompanie
Selects Breakthrough Battlegroup
Selects Assault Grenadiers
Grenadier Squad
MG 42 Machine Gun Team
Grenadier Squad
Construct Luftwaffe Kompanie
Jäger Squad
Jäger Squad
Selects Rapid Production
Jäger Squad
Construct Panzer Kompanie
Selects Blitzkrieg
MG 42 Machine Gun Team
Medical Station
Sturmpanzer IV Brummbär
Sturmpanzer IV Brummbär
Selects Tiger Heavy Tank
Tiger Heavy Tank
NachoMz_HQ YT
Valieriumborn
Computer - Hard
HafniumRosky
Tirant™
Tirant
0
0
Comments
sign in to comment!
No comments posted yet!